TOP OF THE 1ST |
Phoenix Hotspur U-21 batting - Pitching for Hammond Herons : LHP Tom Hegedus
|
Pitching: LHP Tom Hegedus
|
|
Batting: RHB Sinfronio Vitor
|
0-0: Called Strike 0-1: Swinging Strike 0-2: Ball 1-2: Strikes out looking
|
Batting: LHB Jason DeGeorge
|
0-0: Foul Ball, location: 2F 0-1: Foul Ball, location: 2F 0-2: Ball 1-2: Foul Ball, location: 2F 1-2: Hit by Pitch
|
Batting: RHB Francisco Arriagada
|
0-0: Ball 1-0: Called Strike 1-1: Ball 2-1: Called Strike 2-2: Foul Ball, location: 2F 2-2: Fly out, F7 (Flyball, 7LS)
|
Batting: RHB Bill Erickson
|
0-0: Ball 1-0: Called Strike 1-1: Foul Ball, location: 2F 1-2: Fielders Choice at 2nd, 6-4 (Groundball, 6)
|
Top of the 1st over - 0 runs, 0 hits, 0 errors, 1 left on base; Phoenix 0 - Hammond 0 |
BOTTOM OF THE 1ST |
Hammond Herons batting - Pitching for Phoenix Hotspur U-21 : RHP Masahiro Sakei
|
Pitching: RHP Masahiro Sakei
|
|
Batting: RHB Guillermo Montepeque
|
0-0: Foul Ball, location: 2F 0-1: Ball 1-1: Ball 2-1: Ground out 4-3 (Groundball, 4M)
|
Batting: RHB Landon Edwards
|
0-0: Ball 1-0: Ball 2-0: Called Strike 2-1: Called Strike 2-2: Ball 3-2: Strikes out swinging
|
Batting: RHB Norm Freshwater
|
0-0: Swinging Strike 0-1: Ball 1-1: Ball 2-1: SINGLE (Groundball, 4MD)
|
Batting: RHB Jong-beom Chang
|
0-0: SINGLE (Flyball, 89S) Norm Freshwater to second
|
Batting: LHB Raymond Dudzinski
|
0-0: Fly out, F8 (Flyball, 8RM)
|
Bottom of the 1st over - 0 runs, 2 hits, 0 errors, 2 left on base; Phoenix 0 - Hammond 0 |
TOP OF THE 2ND |
Phoenix Hotspur U-21 batting - Pitching for Hammond Herons : LHP Tom Hegedus
|
Batting: LHB Damian Alldred
|
0-0: Fly out, F8 (Flyball, 8RM)
|
Batting: RHB Juan Negrete
|
0-0: Ball 1-0: Swinging Strike 1-1: Foul Ball, location: 2F 1-2: Ball 2-2: Foul Ball, location: 2F 2-2: Foul Ball, location: 2F 2-2: Ball 3-2: Fly out, F7 (Flyball, 7)
|
Batting: LHB Tyler Kinjeketile
|
0-0: Called Strike 0-1: Swinging Strike 0-2: Ball 1-2: Foul Ball, location: 2F 1-2: Ball 2-2: Ball 3-2: Ground out U3 (Groundball, 34)
|
Top of the 2nd over - 0 runs, 0 hits, 0 errors, 0 left on base; Phoenix 0 - Hammond 0 |
BOTTOM OF THE 2ND |
Hammond Herons batting - Pitching for Phoenix Hotspur U-21 : RHP Masahiro Sakei
|
Batting: RHB Armando Romero
|
0-0: Called Strike 0-1: Fly out, F5 (Line Drive, 5S)
|
Batting: RHB Spartak Gonjarov
|
0-0: Called Strike 0-1: Fly out, F8 (Flyball, 8RD)
|
Batting: RHB Juan Laguna
|
0-0: Called Strike 0-1: Ball 1-1: Ball 2-1: Ground out 5-3 (Groundball, 56)
|
Bottom of the 2nd over - 0 runs, 0 hits, 0 errors, 0 left on base; Phoenix 0 - Hammond 0 |
TOP OF THE 3RD |
Phoenix Hotspur U-21 batting - Pitching for Hammond Herons : LHP Tom Hegedus
|
Batting: RHB Bill Poole
|
0-0: Called Strike 0-1: Foul Ball, location: 2F 0-2: Ball 1-2: Ball 2-2: Strikes out swinging
|
Batting: RHB Braylen Sampson
|
0-0: Fly out, F2 (Popup, 13S)
|
Batting: RHB Sinfronio Vitor
|
0-0: Ball 1-0: Ball 2-0: SINGLE (Groundball, 34D)
|
Batting: LHB Jason DeGeorge
|
0-0: Ball 1-0: Ball 2-0: Ball 3-0: Called Strike 3-1: Foul Ball, location: 2F 3-2: Strikes out looking
|
Top of the 3rd over - 0 runs, 1 hit, 0 errors, 1 left on base; Phoenix 0 - Hammond 0 |
BOTTOM OF THE 3RD |
Hammond Herons batting - Pitching for Phoenix Hotspur U-21 : RHP Masahiro Sakei
|
Batting: RHB Sean Sherman
|
0-0: Ball 1-0: Ball 2-0: Ball 3-0: Base on Balls
|
Batting: RHB Guillermo Montepeque
|
0-0: Ball 1-0: Ball 2-0: Foul Ball, location: 2F 2-1: Foul Ball, location: 2F 2-2: Fielders Choice at 2nd, 6-4 (Groundball, 6)
|
Batting: RHB Landon Edwards
|
0-0: Ball 1-0: Grounds into double play, 6-4-3 (Groundball, 6)
|
Bottom of the 3rd over - 0 runs, 0 hits, 0 errors, 0 left on base; Phoenix 0 - Hammond 0 |
TOP OF THE 4TH |
Phoenix Hotspur U-21 batting - Pitching for Hammond Herons : LHP Tom Hegedus
|
Batting: RHB Francisco Arriagada
|
0-0: TRIPLE (Flyball, 89XD)
|
Batting: RHB Bill Erickson
|
0-0: Ground out 4-3 (Groundball, 4) Francisco Arriagada scores
|
Batting: LHB Damian Alldred
|
0-0: Called Strike 0-1: Ball 1-1: Ball 2-1: Swinging Strike 2-2: Ball 3-2: Strikes out looking
|
Batting: RHB Juan Negrete
|
0-0: Ball 1-0: Foul Ball, location: 2F 1-1: Foul Ball, location: 2F 1-2: Ball 2-2: Ball 3-2: Foul Ball, location: 2F 3-2: Base on Balls
|
Batting: LHB Tyler Kinjeketile
|
0-0: Ball 1-0: Ball 2-0: Ball 3-0: Called Strike 3-1: Called Strike 3-2: Foul Ball, location: 2F 3-2: SINGLE (Groundball, 15S) (infield hit) Juan Negrete to second
|
Batting: RHB Bill Poole
|
0-0: SINGLE (Line Drive, 6) (infield hit) Juan Negrete to third Tyler Kinjeketile to second
|
Batting: RHB Braylen Sampson
|
0-0: Ball 1-0: Ball 2-0: Ball 3-0: Called Strike 3-1: Foul Ball, location: 2F 3-2: Ground out 1-3 (Groundball, 15S)
|
Top of the 4th over - 1 run, 3 hits, 0 errors, 3 left on base; Phoenix 1 - Hammond 0 |
BOTTOM OF THE 4TH |
Hammond Herons batting - Pitching for Phoenix Hotspur U-21 : RHP Masahiro Sakei
|
Batting: RHB Norm Freshwater
|
0-0: Ball 1-0: Foul Ball, location: 2F 1-1: Ball 2-1: Ball 3-1: Foul Ball, location: 2F 3-2: SINGLE (Line Drive, 9LM)
|
Batting: RHB Jong-beom Chang
|
0-0: Swinging Strike 0-1: Ball 1-1: Called Strike 1-2: Ball 2-2: Strikes out swinging
|
Batting: LHB Raymond Dudzinski
|
0-0: Ball 1-0: Called Strike 1-1: Ball 2-1: Foul Ball, location: 2F 2-2: Ball 3-2: Strikes out looking
|
Batting: RHB Armando Romero
|
0-0: Ball 1-0: Called Strike 1-1: Fielders Choice at 2nd, 5-4 (Groundball, 56)
|
Bottom of the 4th over - 0 runs, 1 hit, 0 errors, 1 left on base; Phoenix 1 - Hammond 0 |
TOP OF THE 5TH |
Phoenix Hotspur U-21 batting - Pitching for Hammond Herons : LHP Tom Hegedus
|
Batting: RHB Sinfronio Vitor
|
0-0: Ball 1-0: Fly out, F4 (Popup, 23)
|
Batting: LHB Jason DeGeorge
|
0-0: Called Strike 0-1: Foul Ball, location: 2F 0-2: Ball 1-2: Foul Ball, location: 2F 1-2: Ball 2-2: Strikes out swinging
|
Batting: RHB Francisco Arriagada
|
0-0: Called Strike 0-1: Fly out, F7 (Flyball, 7S)
|
Top of the 5th over - 0 runs, 0 hits, 0 errors, 0 left on base; Phoenix 1 - Hammond 0 |
BOTTOM OF THE 5TH |
Hammond Herons batting - Pitching for Phoenix Hotspur U-21 : RHP Masahiro Sakei
|
Batting: RHB Spartak Gonjarov
|
0-0: Ball 1-0: Called Strike 1-1: Ball 2-1: Swinging Strike 2-2: Strikes out swinging
|
Batting: RHB Juan Laguna
|
0-0: Ball 1-0: Ball 2-0: Called Strike 2-1: Fly out, F8 (Flyball, 8LD)
|
Batting: RHB Sean Sherman
|
0-0: Ball 1-0: Foul Ball, location: 2F 1-1: Foul Ball, location: 2F 1-2: SINGLE (Groundball, 34D)
|
Batting: RHB Guillermo Montepeque
|
0-0: Ball 1-0: Foul Ball, location: 2F 1-1: Called Strike 1-2: Ground out 4-3 (Groundball, 4)
|
Bottom of the 5th over - 0 runs, 1 hit, 0 errors, 1 left on base; Phoenix 1 - Hammond 0 |
TOP OF THE 6TH |
Phoenix Hotspur U-21 batting - Pitching for Hammond Herons : LHP Tom Hegedus
|
Batting: RHB Bill Erickson
|
0-0: Foul Ball, location: 2F 0-1: Fly out, F9 (Flyball, 89M)
|
Batting: LHB Damian Alldred
|
0-0: Ball 1-0: Swinging Strike 1-1: Ball 2-1: Foul Ball, location: 2F 2-2: Ball 3-2: Strikes out swinging
|
Batting: RHB Juan Negrete
|
0-0: Called Strike 0-1: Swinging Strike 0-2: Ball 1-2: Ball 2-2: Strikes out swinging
|
Top of the 6th over - 0 runs, 0 hits, 0 errors, 0 left on base; Phoenix 1 - Hammond 0 |
BOTTOM OF THE 6TH |
Hammond Herons batting - Pitching for Phoenix Hotspur U-21 : RHP Masahiro Sakei
|
Batting: RHB Landon Edwards
|
0-0: SINGLE (Flyball, 7LS)
|
Batting: RHB Norm Freshwater
|
0-0: Ball 1-0: Swinging Strike 1-1: Called Strike 1-2: Ball 2-2: Ball 3-2: Foul Ball, location: 2F 3-2: Base on Balls Landon Edwards to second
|
Batting: RHB Jong-beom Chang
|
0-0: Ball 1-0: Foul Ball, location: 2F 1-1: Ball 2-1: Foul Ball, location: 2F 2-2: Ground out 6-3 (Groundball, 6S) Landon Edwards to third Norm Freshwater to second
|
Batting: LHB Raymond Dudzinski
|
0-0: SINGLE (Groundball, 4MD) Landon Edwards scores Norm Freshwater to third
|
Batting: RHB Armando Romero
|
0-0: Called Strike 0-1: Ball 1-1: Swinging Strike 1-2: Foul Ball, location: 2F 1-2: Ball 2-2: Strikes out looking
|
Batting: RHB Spartak Gonjarov
|
0-0: Ball 1-0: Ball 2-0: Fly out, F9 (Flyball, 9LMF)
|
Bottom of the 6th over - 1 run, 2 hits, 0 errors, 2 left on base; Phoenix 1 - Hammond 1 |
TOP OF THE 7TH |
Phoenix Hotspur U-21 batting - Pitching for Hammond Herons : LHP Tom Hegedus
|
Batting: LHB Tyler Kinjeketile
|
0-0: Ball 1-0: Ball 2-0: Ball 3-0: Called Strike 3-1: Base on Balls
|
Pitching: RHP Aaron Houchens
|
|
Batting: RHB Bill Poole
|
0-0: Ball 1-0: Ball 2-0: Ball 3-0: Base on Balls Tyler Kinjeketile to second
|
Batting: RHB Braylen Sampson
|
0-0: Ball 1-0: Called Strike 1-1: Reached on error, E6 (Groundball, 6) Tyler Kinjeketile to third Bill Poole to second
|
Batting: RHB Sinfronio Vitor
|
0-0: Ball 1-0: Foul Ball, location: 2F 1-1: Foul Ball, location: 2F 1-2: Ball 2-2: Strikes out swinging
|
Batting: LHB Jason DeGeorge
|
0-0: Foul Ball, location: 2F 0-1: Grounds into double play, 5-2-3 (Groundball, 56S)
|
Top of the 7th over - 0 runs, 0 hits, 1 error, 2 left on base; Phoenix 1 - Hammond 1 |
BOTTOM OF THE 7TH |
Hammond Herons batting - Pitching for Phoenix Hotspur U-21 : RHP Masahiro Sakei
|
Pinch Hitting: RHB Cody Blackburn
|
0-0: Ball 1-0: Ground out 5-3 (Groundball, 56S)
|
Pinch Hitting: LHB Marcos Costa
|
0-0: Ball 1-0: Ball 2-0: Foul Ball, location: 2F 2-1: Ball 3-1: SOLO HOME RUN (Flyball, 9D), Distance : 356 ft
|
Batting: RHB Guillermo Montepeque
|
0-0: Ball 1-0: Called Strike 1-1: Ball 2-1: Foul Ball, location: 2F 2-2: Ball 3-2: Foul Ball, location: 2F 3-2: Base on Balls
|
Pinch Hitting: LHB Shigenobu Ohayashi
|
0-0: Foul Ball, location: 2F 0-1: Called Strike Guillermo Montepeque steals 2nd base 0-2: Strikes out looking
|
Batting: RHB Norm Freshwater
|
0-0: Called Strike 0-1: Foul Ball, location: 2F 0-2: Ball 1-2: Ground out 1-3 (Groundball, P)
|
Bottom of the 7th over - 1 run, 1 hit, 0 errors, 1 left on base; Phoenix 1 - Hammond 2 |
TOP OF THE 8TH |
Phoenix Hotspur U-21 batting - Pitching for Hammond Herons : RHP Aaron Houchens
|
Now at 2B: John Wiser
|
|
Now at 3B: José Trombelli
|
|
Now in LF: Shigenobu Ohayashi
|
|
Batting: RHB Francisco Arriagada
|
0-0: Ball 1-0: Ball 2-0: Ball 3-0: Called Strike 3-1: Foul Ball, location: 2F 3-2: Strikes out swinging
|
Batting: RHB Bill Erickson
|
0-0: Ball 1-0: Ball 2-0: Ground out U3 (Groundball, 3)
|
Batting: LHB Damian Alldred
|
0-0: Ball 1-0: Called Strike 1-1: Swinging Strike 1-2: Strikes out swinging
|
Top of the 8th over - 0 runs, 0 hits, 0 errors, 0 left on base; Phoenix 1 - Hammond 2 |
BOTTOM OF THE 8TH |
Hammond Herons batting - Pitching for Phoenix Hotspur U-21 : RHP Masahiro Sakei
|
Batting: RHB Jong-beom Chang
|
0-0: Called Strike 0-1: Foul Ball, location: 2F 0-2: Reaches on Catchers interference
|
Pitching: RHP Leon von Stroheim
|
|
Batting: LHB Raymond Dudzinski
|
0-0: Fly out, F7 (Flyball, 7S)
|
Batting: RHB Armando Romero
|
0-0: Ball 1-0: Ball 2-0: Ball 3-0: Base on Balls Jong-beom Chang to second
|
Batting: RHB Spartak Gonjarov
|
0-0: SINGLE (Line Drive, 89S) Jong-beom Chang to third Armando Romero to second
|
Batting: RHB John Wiser
|
0-0: Grounds into fielders choice 6-2 (Groundball, 56) Armando Romero to third Spartak Gonjarov to second
|
Batting: RHB José Trombelli
|
0-0: Reached on error, E1 (Groundball, 13) Armando Romero scores Spartak Gonjarov scores John Wiser to third
|
Batting: RHB Guillermo Montepeque
|
0-0: Ball 1-0: Ball 2-0: SINGLE (Line Drive, 78M) John Wiser scores José Trombelli to third
|
Pitching: LHP Neal Burns
|
|
Batting: LHB Shigenobu Ohayashi
|
0-0: Ground out 4-3 (Groundball, 4)
|
Bottom of the 8th over - 3 runs, 2 hits, 2 errors, 2 left on base; Phoenix 1 - Hammond 5 |
TOP OF THE 9TH |
Phoenix Hotspur U-21 batting - Pitching for Hammond Herons : RHP Aaron Houchens
|
Batting: RHB Juan Negrete
|
0-0: Ball 1-0: Fly out, F7 (Flyball, 7S)
|
Batting: LHB Tyler Kinjeketile
|
0-0: Ball 1-0: Foul Ball, location: 2F 1-1: Foul Ball, location: 2F 1-2: Foul Ball, location: 2F 1-2: Ground out 4-3 (Groundball, 4)
|
Batting: RHB Bill Poole
|
0-0: Foul Ball, location: 2F 0-1: Ball 1-1: Ball 2-1: Ball 3-1: Ground out 6-3 (Groundball, 6)
|
Top of the 9th over - 0 runs, 0 hits, 0 errors, 0 left on base; Phoenix 1 - Hammond 5 |
|